 Dungeon Crawl Stone Soup version 0.26-a0-602-gd42a14c23b (webtiles) character file.

Game seed: 10511365715777452310

7 Krehm the Vexing (level 2, -2/16 HPs)
             Began as a Kobold Arcane Marksman on Aug 31, 2020.
             Slain by an ooze (5 damage)
             ... on level 1 of the Dungeon.
             The game lasted 00:04:25 (620 turns).

Krehm the Vexing (Kobold Arcane Marksman)            Turns: 620, Time: 00:04:26

Health: -2/16      AC:  2    Str:  7    XL:     2   Next: 5%
Magic:  3/3        EV: 15    Int: 14    God:
Gold:   5          SH:  0    Dex: 15    Spells: 2/3 levels left

rFire    . . .     SeeInvis .   b - +0 dagger
rCold    . . .     Faith    .   (shield restricted)
rNeg     . . .     Spirit   .   e - +0 robe
rPois    .         Reflect  .   (no helmet)
rElec    .         Harm     .   (no cloak)
rCorr    .                      (no gloves)
MR       .....                  (no boots)
Stlth    ++........             (no amulet)
HPRegen  0.05/turn              (no ring)
MPRegen  0.08/turn              (no ring)

@: no status effects
A: small, nightstalker 3
a: no special abilities


You were on level 1 of the Dungeon.
You visited 1 branch of the dungeon, and saw 1 of its levels.

You collected 5 gold pieces.

Inventory:

Hand Weapons
 a - a +0 hand crossbow
 b - a +0 dagger (weapon)
Missiles
 d - 20 bolts
Armour
 e - a +0 robe (worn)
Scrolls
 f - a scroll of remove curse {unknown}
Potions
 c - a potion of haste {unknown}


   Skills:
 + Level 1.2 Fighting
 * Level 0.0 Short Blades
 - Level 2.8 Crossbows
 - Level 2.4 Dodging
 - Level 1.2 Spellcasting
 - Level 3.1 Hexes


You had 2 spell levels left.
You knew the following spells:

 Your Spells              Type           Power        Failure   Level
a - Corona                Hex            #......      7%          1

Your spell library contained the following spells:

 Spells                   Type           Power        Failure   Level
 Slow                     Hex            #.......     11%         2
 Inner Flame              Hex/Fire       #.......     38%         3
 Portal Projectile        Hex/Tloc       #.....       38%         3
 Cause Fear               Hex            #.........   56%         4
 Leda's Liquefaction      Hex/Erth       #.........   80%         4


Dungeon Overview and Level Annotations

Branches:
Dungeon (1/15)

Altars:


Innate Abilities, Weirdness & Mutations

You are small and have problems with some larger weapons.
You are completely attuned to the shadows.


Message History

You hit the ooze but do no damage.
The ooze is heavily wounded.
The ooze barely misses you.
You hit the ooze.
The ooze is heavily wounded.
The ooze hits you.
* * * LOW HITPOINT WARNING * * *
You hit the ooze but do no damage.
The ooze is heavily wounded.
The ooze stops glowing.
The ooze completely misses you.
You hit the ooze.
The ooze is heavily wounded.
The ooze misses you.
You barely miss the ooze.
The ooze is heavily wounded.
The ooze misses you.
You barely miss the ooze.
The ooze is heavily wounded.
The ooze hits you.
You die...

##.## #..#####. ##.#......
####.#.###.### ### #
+....#.#...... ..#.#.
###.........##########.#.#.
#............)...........
#....###..#######.##.#... #....#
#@.### #)........ #..#.# #J.#.#
##.##.#.#. #......# #..#.#
#.##.#.#. #######.#..#.# #..#.#
#.##.#.#.
......#.#..#.###..#.#####.#....#.
##.##.#.#................ ......
........................# #.
..#...#.#..#...#..#.##### ..
#8##..###......#..#.#


You could see an ooze.

Vanquished Creatures
  A dart slug (D:1)
  4 kobolds (D:1)
5 creatures vanquished.

Notes
Turn   | Place    | Note
-------+----------+-------------------------------------------
     0 | D:1      | Krehm the Kobold Arcane Marksman began the quest for the
                  | Orb.
     0 | D:1      | Reached XP level 1. HP: 12/12 MP: 2/2
   333 | D:1      | Reached XP level 2. HP: 12/16 MP: 1/3
   620 | D:1      | Slain by an ooze

Illustrated notes

Levels and vault maps discovered:
D:1:      scummos_arrival_simple_crosswalls, layout_basic

Action                   || total
-------------------------++-------
Melee: Dagger            ||    32
 Fire: Hand crossbow     ||     6
 Cast: Corona            ||     3
 Stab: Sleeping          ||     2
Armor: Robe              ||     2
Dodge: Dodged            ||    20

Table legend: (Time is in decaauts)
 A = Elapsed time spent in this place.
 B = Non-inter-level travel time spent in this place.
 C = Inter-level travel time spent in this place.
 D = Time resting spent in this place.
 E = Time spent auto-exploring this place.
 F = Levels seen in this place.
 G = Mean time per level.
                   A        B        C        D        E       F      G
               +--------+--------+--------+--------+--------+-----+--------+
         Total |    621 |    621 |      0 |    129 |    120 |   1 |  621.0 |
       Dungeon |    621 |    621 |      0 |    129 |    120 |   1 |  621.0 |
               +--------+--------+--------+--------+--------+-----+--------+

Top non-repeatable levels by time:
     D:1: 621 daAuts
